 Dungeon Crawl Stone Soup version 0.28-a0-998-gb9e9c7b67e (webtiles) character file.

Game seed: 17690939014422606813

329 ytrimaz the Insei (level 6, 0/41 HPs)
             Began as an Octopode Transmuter on Dec 5, 2021.
             Slain by a crimson imp (1 damage)
             ... summoned by Eustachio
             ... on level 5 of the Dungeon.
             The game lasted 00:04:37 (5652 turns).

ytrimaz the Insei (Octopode Transmuter)             Turns: 5652, Time: 00:04:38

Health: 0/41       AC:  2    Str: 10    XL:     6   Next: 51%
Magic:  8/10       EV: 23    Int: 17    God:
Gold:   191        SH:  0    Dex: 17    Spells: 7/11 levels left

rFire   . . .      SeeInvis +     - Unarmed
rCold   . . .      Faith    .   (shield currently unavailable)
rNeg    . . .      Spirit   .   (helmet currently unavailable)
rPois   x          Reflect  .   (no amulet)
rElec   .          Harm     .   c - ring of see invisible
rCorr   .          Rampage  .   e - ring of flight
Will    .....                   f - +4 ring of evasion
Stlth   ++........              (no ring)
HPRegen 0.13/turn               (no ring)
MPRegen 0.12/turn               (no ring)
                                (no ring)
                                (no ring)

@: spider-form (expiring), flying, invisible
A: venomous fangs, almost no armour, (amphibious), 8 rings, tiny, (camouflage
1), (gelatinous body 1), (nimble swimmer 1), (tentacles)
a: End Transformation


You were on level 5 of the Dungeon.
You were a venomous arachnid creature.
You visited 1 branch of the dungeon, and saw 5 of its levels.

You collected 191 gold pieces.

Inventory:

Jewellery
 c - a ring of see invisible (left front leg)
 e - a ring of flight (right front leg)
 f - a +4 ring of evasion (on tentacle)
Wands
 h - a wand of flame (25)
Scrolls
 a - 2 scrolls of magic mapping
 k - a scroll of teleportation
Potions
 d - 3 potions of brilliance
 g - a potion of haste
 j - a potion of cancellation
 l - a potion of might {unknown}


   Skills:
 * Level 2.8 Fighting
 - Level 2.0 Dodging
 + Level 5.0 Unarmed Combat
 + Level 3.2 Spellcasting
 + Level 3.3 Transmutations
 + Level 0.4 Poison Magic


You had 7 spell levels left.
You knew the following spells:

 Your Spells              Type           Power      Damage    Failure   Level
a - Beastly Appendage     Tmut           28%        N/A       13%         1
b - Spider Form           Tmut/Pois      9%         N/A       45%         3

Your spell library contained the following spells:

 Spells                   Type           Power      Damage    Failure   Level
 Wereblood                Tmut           14%        N/A       17%         2
 Sublimation of Blood     Necr           2%         N/A       47%         2
 Ice Form                 Ice/Tmut       8%         N/A       83%         4
 Petrify                  Tmut/Erth      8%         N/A       83%         4
 Irradiate                Conj/Tmut      4%         3d15      98%         5


Dungeon Overview and Level Annotations

Branches:
Dungeon (5/15)
 Temple: D:4-7

Altars:
Hepliaklqana
Zin

Annotations:
D:4 2 transporters, KennySheep's ghost, amateur TrMo
D:5 Eustachio


Innate Abilities, Weirdness & Mutations

You are a venomous arachnid creature.
You have poisonous fangs.
You are tiny and dextrous.
Your spellcasting is less reliable in this form.
Your armour is entirely melded.
You are incapable of wielding weapons or throwing items.
You cannot wear most types of armour.
((You are amphibious.))
You can wear up to eight rings at the same time.
((Your skin changes colour to match your surroundings (Stealth+).))
((Your rubbery body absorbs attacks. (AC +1, EV +1)))
((You are camouflaged near water. (Stealth+)))
((You have tentacles for arms and can constrict up to eight enemies at once.))


Message History

The crimson imp barely misses you. The steam dragon bites you!
The steam dragon misses you. Eustachio misses you.
You hit the steam dragon.
The steam dragon looks as sick as possible!
The steam dragon is lightly wounded.
Your transformation is almost over.
The crimson imp misses you. The steam dragon breathes steam at you.
The ball of steam misses you.
The ball of steam hits the crimson imp.
The crimson imp resists.
Eustachio barely misses you.
You hit the steam dragon but do no damage.
The steam dragon looks as sick as possible!
The steam dragon is moderately wounded.
You are engulfed in a cloud of scalding steam.
The crimson imp completely misses you. The steam dragon barely misses you.
The steam dragon closely misses you.
You closely miss Eustachio.
Eustachio is lightly wounded.
You are engulfed in a cloud of scalding steam.
* * * LOW HITPOINT WARNING * * *
Eustachio closely misses you. The crimson imp closely misses you.
The steam dragon closely misses you. x2
Unknown command.
You feel much better.
You are engulfed in a cloud of scalding steam.
Eustachio hits you with a +0 falchion. The crimson imp closely misses you.
The steam dragon closely misses you. The steam dragon completely misses you.
You fade into invisibility!
You are engulfed in a cloud of scalding steam.
* * * LOW HITPOINT WARNING * * *
Eustachio barely misses you. The crimson imp completely misses you.
The steam dragon completely misses you. The steam dragon closely misses you.
Unknown command.
Unknown command.
You hit the crimson imp.
The crimson imp is lightly wounded.
You are engulfed in a cloud of scalding steam.
* * * LOW HITPOINT WARNING * * *
Eustachio closely misses you. The crimson imp hits you.
You die...

#############
............################
#.######.##....)......)>...####
#.#####...###############......
#......<........ #.(.###
#..####...###### # #...# #
#...######.# #...# #
#......5sD5########...# #
#...#####@............# # #####
.##########..# .# #..# ..
#..### #. #....# .# ##.... ##
###.# #.#


You could see Eustachio, a steam dragon (extremely poisoned), a crimson imp
(summoned) and an ufetubus (summoned).

Vanquished Creatures
  2 ogres
  A phantom (D:5)
  3 adders
  A worm (D:3)
  An orc (D:3)
  3 endoplasms
  2 giant cockroaches
  7 goblins
  5 hobgoblins
  8 jackals (D:2)
  6 kobolds
  4 quokkas
  6 ball pythons
  2 bats
  4 frilled lizards
  4 rats
59 creatures vanquished.

Notes
Turn   | Place    | Note
-------+----------+-------------------------------------------
     0 | D:1      | ytrimaz the Octopode Transmuter began the quest for the
                  | Orb.
     0 | D:1      | Reached XP level 1. HP: 13/13 MP: 3/3
    36 | D:1      | You fall into a shaft and drop 1 floor!
   123 | D:1      | Found a faded altar of an unknown god.
   528 | D:1      | Reached XP level 2. HP: 15/18 MP: 3/5
  1561 | D:2      | Reached XP level 3. HP: 20/23 MP: 4/6
  1565 | D:2      | Learned a level 3 spell: Spider Form
  2540 | D:3      | Reached XP level 4. HP: 12/29 MP: 3/7
  2873 | D:3      | Found a glowing silver altar of Zin.
  3856 | D:4      | Noticed an ogre
  4139 | D:4      | Reached skill level 4 in Unarmed Combat
  4244 | D:4      | Found a transporter.
  4249 | D:4      | Noticed KennySheep's ghost (amateur TrMo)
  4310 | D:4      | Killed an ogre
  4311 | D:4      | Reached XP level 5. HP: 34/34 MP: 1/9
  4392 | D:4      | Found a transporter.
  4919 | D:4      | Found a hazy altar of Hepliaklqana.
  5129 | D:5      | Entered Level 5 of the Dungeon
  5138 | D:5      | Noticed a phantom
  5163 | D:5      | Killed a phantom
  5164 | D:5      | Reached XP level 6. HP: 23/41 MP: 8/10
  5367 | D:5      | Reached skill level 5 in Unarmed Combat
  5638 | D:5      | Noticed Eustachio
  5641 | D:5      | Noticed a steam dragon
  5649 | D:5      | HP: 2/41 [steam dragon] (13)]
  5652 | D:5      | Slain by a crimson imp

Illustrated notes

Levels and vault maps discovered:
D:1:      psy_arrival_dodecagon, layout_loops_corners,
          chequers_ecumenical_altar_island
D:2:      layout_basic, serial_aquarium, aquarium_bridge_square
          [aquarium_subvault_wall, aquarium_subvault_bridge,
          aquarium_subvault_window, aquarium_subvault_window],
          aquarium_window_fake, aquarium_window_1, aquarium_view_2d,
          minmay_misc_feat_diagonals, chequers_arboretum
D:3:      layout_basic, mainiacjoe_overflow_surrounded_room, saegor_snake_ambush
D:4:      layout_basic, lemuel_coloured_pillars_altar, gammafunk_ghost_mausoleum
D:5:      layout_loops_ring, uniq_prince_ribbit1, uniq_eustachio

Skill      XL: |  1  2  3  4  5  6 |
---------------+-------------------+-----
Unarmed Combat | 4 5 |  5.0
Fighting       | 2 |  2.8
Transmutations | 3 |  3.3
Spellcasting   | 3 |  3.2
Dodging        | |  2.0
Poison Magic   | |  0.4

Action                   |  1- 3 |  4- 6 || total
-------------------------+-------+-------++-------
Melee: Unarmed           |    77 |    74 ||   151
       Constrict         |    16 |    12 ||    28
       Kick              |    13 |     5 ||    18
       Tentacles         |     6 |     8 ||    14
       Punch             |     1 |     3 ||     4
 Cast: Beastly Appendage |    20 |    12 ||    32
       Spider Form       |     1 |     2 ||     3
  Use: Scroll            |     2 |     5 ||     7
       Potion            |     6 |     3 ||     9
 Stab: Sleeping          |     5 |     1 ||     6
Armor: Skin              |     4 |     3 ||     7
Dodge: Dodged            |    42 |    72 ||   114

Table legend: (Time is in decaauts)
 A = Elapsed time spent in this place.
 B = Non-inter-level travel time spent in this place.
 C = Inter-level travel time spent in this place.
 D = Time resting spent in this place.
 E = Time spent auto-exploring this place.
 F = Levels seen in this place.
 G = Mean time per level.
                   A        B        C        D        E       F      G
               +--------+--------+--------+--------+--------+-----+--------+
         Total |   5641 |   5461 |    180 |    779 |   4088 |   5 | 1128.2 |
       Dungeon |   5641 |   5461 |    180 |    779 |   4088 |   5 | 1128.2 |
               +--------+--------+--------+--------+--------+-----+--------+

Top non-repeatable levels by time:
     D:3: 1576 daAuts
     D:1: 1301 daAuts
     D:4: 1132 daAuts
     D:2: 1111 daAuts
     D:5: 519 daAuts
